 Dungeon Crawl Stone Soup version 0.24-a0-361-g57161393b2 (console) character file.

Game seed: 4883572430289541417

74087 Dragon00 the Severer (level 15, -4/139 HPs)
             Began as a Minotaur Berserker on May 24, 2019.
             Was a High Priest of Trog.
             Slain by a redback (9 damage)
             ... on level 1 of the Spider Nest on May 26, 2019.
             The game lasted 02:09:28 (25037 turns).

Dragon00 the Severer (Minotaur Berserker)          Turns: 25037, Time: 02:09:30

Health: -4/139     AC: 25    Str: 24    XL:     15   Next: 5%
Magic:  14/14      EV: 14    Int:  4    God:    Trog [*****.]
Gold:   674        SH:  0    Dex: 14    Spells: 14/14 levels left

rFire    + . .     SeeInvis .   a - +1 battleaxe (freeze)
rCold    . . .     Gourm    +   (shield currently unavailable)
rNeg     . . .     Faith    .   V - +3 plate armour {rF+}
rPois    +         Spirit   .   (helmet restricted)
rElec    .         Reflect  .   M - +0 cloak
rCorr    .         Harm     .   z - +1 pair of gloves
MR       +....                  w - +0 pair of boots
Stlth    ..........             r - amulet of the gourmand
HPRegen  0.33/turn              d - +4 ring of slaying
MPRegen  0.14/turn              N - ring of poison resistance

@: confused, marked, berserk cooldown, slowed, very slow
A: retaliatory headbutt, horns 2
a: Berserk, Trog's Hand, Brothers in Arms, Renounce Religion


You were on level 1 of the Spider Nest.
You worshipped Trog.
Trog was extremely pleased with you.
You were very full.

You visited 5 branches of the dungeon, and saw 22 of its levels.
You also visited: Ice Cave.

You collected 1743 gold pieces.
You spent 1069 gold pieces at shops.

Inventory:

Hand Weapons
 a - a +1 battleaxe of freezing (weapon)
 b - a +2 hunting sling of freezing
 A - a +0 morningstar
Missiles
 j - 50 boomerangs (quivered)
 n - 54 sling bullets
Armour
 w - a +0 pair of boots (worn)
 z - a +1 pair of gloves (worn)
 D - a +2 plate armour of cold resistance
 M - a +0 cloak (worn)
 V - a +3 plate armour of fire resistance (worn)
Jewellery
 d - a +4 ring of slaying (left hand)
 l - an uncursed ring of resist corrosion
 r - an amulet of the gourmand (around neck)
 y - an uncursed ring of positive energy
 J - an uncursed ring of flight
 N - a ring of poison resistance (right hand)
 R - an uncursed ring of protection from magic
 T - an uncursed ring of protection from fire
 U - an uncursed ring of see invisible
Wands
 k - a wand of scattershot (11)
 x - a wand of iceblast (19)
 C - a wand of paralysis (9)
 G - a wand of digging (7)
 L - a wand of flame (17)
 P - a wand of acid (18)
Scrolls
 e - 8 scrolls of teleportation
 f - 5 scrolls of magic mapping
 h - 5 scrolls of enchant weapon
 m - 9 scrolls of remove curse
 t - 5 scrolls of fear
 B - 6 scrolls of identify
 E - 2 scrolls of immolation
 F - 3 scrolls of fog
Potions
 g - 10 potions of curing
 i - 2 potions of agility
 o - a potion of invisibility
 p - 6 potions of flight
 s - a potion of might
 u - a potion of cancellation
 v - 4 potions of heal wounds
 H - a potion of resistance
 I - a potion of haste
 O - 2 potions of lignification
 Q - 4 potions of mutation
Comestibles
 c - 28 rations
 q - 3 chunks of flesh


   Skills:
 + Level 14.5 Fighting
 * Level 19.0 Axes
 + Level 14.3 Armour
 + Level 13.3 Dodging


You had 14 spell levels left.
You didn't know any spells.
Your spell library was empty.

Dungeon Overview and Level Annotations

Branches:
Dungeon (12/15)            Temple (1/1) D:7            Lair (6/6) D:8
 Shoals (0/4) Lair:2       Spider (1/4) Lair:3        Slime (0/5) Lair:5
    Orc (2/2) D:12            Elf (0/3) Orc:2

Altars:
Ashenzari
Cheibriados
Dithmenos
Elyvilon
Fedhas
Gozag
Hepliaklqana
Kikubaaqudgha
Makhleb
Nemelex Xobeh
Okawaru
Qazlal
Ru
Sif Muna
Trog
Uskayaw
Vehumet
Wu Jian
Xom
Yredelemnul
Zin
The Shining One
Beogh
Jiyva

Shops:
Orc:2 (*=[

Annotations:
Lair:2 1 runed translucent door, MisterOstroum's ghost, journeyman TrHu
Lair:4 exclusion: 4 oklob plants


Innate Abilities, Weirdness & Mutations

You reflexively headbutt those who attack you in melee.
You have a pair of horns on your head.


Message History

The redback bites you but does no damage.
The jumping spider pounces on you but does no damage.
The jumping spider bites you but does no damage.
The tarantella barely misses you.
The redback bites you but does no damage. x3
The tarantella barely misses you. The redback barely misses you.
The redback misses you.
The jumping spider leaps!
The redback bites you but does no damage.
The redback bites you!
* * * LOW HITPOINT WARNING * * *
The tarantella closely misses you. The redback closely misses you.
The redback bites you but does no damage.
The redback bites you!
* * * LOW HITPOINT WARNING * * *
The redback barely misses you.
The jumping spider leaps!
The redback barely misses you. The tarantella bites you.
* * * LOW HITPOINT WARNING * * *
The redback bites you!
You die...

>..............█...█.†......
.█......█.█....█^.....†......
^....█.^.....██.....█...<.█.█
............█^.........█....█
█.....................█....█.
...█...^.ss..s...........█...
......†█..†ss...██...█.......
......^..ssss█.s>............
..█...█..sss@s○........█....█
█.......†█sss█....█....█...█
...█.......ss..█.█..█...█...█
.......█...█..........█....██
.....█......s█......█..█.███
.█......█...^..█....█.████
█..........=█.....█..██
.█..█..^..█..█.....^██
█..█...........██


You could see 4 orb spiders, a jumping spider, 9 tarantellas and 6 redbacks.

Vanquished Creatures
  Kirke (D:12)
  A frost giant (IceCv)
  An orc warlord (Orc:2)
  The ghost of ssgaztpd the Grappler, a journeyman TrBe of Trog (Lair:6)
  3 hydras
  A centaur warrior (D:12)
  A death yak (Lair:4)
  4 two-headed ogres
  An orc high priest (Orc:2)
  The ghost of dricus the Covert, a novice OpAs of Dithmenos (D:9)
  An orb spider (Spider:1)
  5 orc knights (Orc:2)
  A deep elf mage (D:12)
  2 wolf spiders (Spider:1)
  An ugly thing (D:11)
  4 orc sorcerers (Orc:2)
  An oklob plant (Lair:6)
  2 manticores
  A cyclops (Orc:2)
  24 elephants
  2 ice statues (IceCv)
  2 black mambas
  A torpor snail (Lair:6)
  12 spiny frogs
  Joseph (D:7)
  9 rime drakes
  8 komodo dragons
  A jumping spider (Spider:1)
  6 trolls
  A meliai (D:9)
  A wind drake (Lair:6)
  16 polar bears
  A queen bee (D:9)
  3 hornets
  3 dream sheep (Lair:6)
  21 blink frogs
  7 hippogriffs
  8 redbacks (Spider:1)
  4 tarantellas (Spider:1)
  Sigmund (D:4)
  2 hogs (D:12)
  3 wyverns
  21 yaks
  5 basilisks
  2 hungry ghosts
  5 wargs
  3 vampire mosquitoes (D:12)
  10 porcupines
  A hydra simulacrum (Lair:6)
  15 water moccasins
  3 eyes of draining
  4 sky beasts
  15 ice beasts
  3 phantoms
  20 orc warriors
  2 black bears
  14 ogres
  A black mamba simulacrum (Lair:6)
  A necrophage (D:11)
  28 wolves
  6 centaurs
  13 crocodiles
  4 big kobolds
  21 bullfrogs
  2 scorpions
  A water moccasin skeleton (D:7)
  11 killer bees
  3 dream sheep simulacra (Lair:6)
  2 vampire bats (D:2)
  An electric eel (Lair:2)
  3 howler monkeys
  A torpor snail simulacrum (Lair:6)
  3 crimson imps
  8 hounds
  A komodo dragon simulacrum (Lair:6)
  2 bullfrog zombies
  2 centaur zombies
  4 jellies
  15 orc priests
  2 bullfrog skeletons
  22 orc wizards
  A quasit (D:12)
  A gnoll shaman (D:8)
  A centaur skeleton (D:9)
  Terence (D:3)
  7 iguanas
  Ijyb (D:4)
  9 worker ants
  A hound zombie (D:8)
  A howler monkey zombie (D:6)
  3 gnolls (D:8)
  22 adders
  A shadow imp (D:5)
  An ooze (D:3)
  An adder zombie (D:7)
  A worm (D:4)
  2 adder skeletons
  A dart slug (D:4)
  3 leopard geckos
  57 orcs
  4 bat skeletons (D:2)
  A bat zombie (D:2)
  4 giant cockroaches
  3 goblins
  8 hobgoblins
  4 jackals (D:6)
  4 quokkas
  2 ball pythons
  7 bats
  5 frilled lizards
  26 kobolds
  2 quokka zombies
  4 rats
  A bush (Lair:6)
  6 fungi
  4 plants
650 creatures vanquished.

Vanquished Creatures (collateral kills)
  A merfolk avatar (Lair:6)
  A wolf spider (Spider:1)
  A dream sheep simulacrum (Lair:6)
3 creatures vanquished.

Vanquished Creatures (others)
  8 fungi
  16 plants
24 creatures vanquished.

Grand Total: 677 creatures vanquished

Notes
Turn   | Place    | Note
-------+----------+-------------------------------------------
     0 | D:1      | Dragon00 the Minotaur Berserker began the quest for the
                  | Orb.
     0 | D:1      | Reached XP level 1. HP: 19/19 MP: 0/0
   685 | D:1      | Reached XP level 2. HP: 27/27 MP: 1/1
  1541 | D:2      | Reached skill level 4 in Axes
  1560 | D:2      | You fall into a shaft and drop 2 floors!
  1564 | D:4      | Reached XP level 3. HP: 25/33 MP: 2/2
  1621 | D:4      | Reached XP level 4. HP: 41/41 MP: 3/3
  1627 | D:4      | Reached ** piety under Trog
  1627 | D:4      | Reached XP level 5. HP: 47/47 MP: 4/4
  1781 | D:4      | Noticed an ogre
  1786 | D:4      | Killed an ogre
  1786 | D:4      | Reached skill level 5 in Fighting
  1786 | D:4      | Reached skill level 5 in Axes
  1789 | D:4      | Reached XP level 6. HP: 56/56 MP: 5/5
  2108 | D:3      | Noticed Terence
  2120 | D:3      | Killed Terence
  2562 | D:2      | Found an ancient bone altar of Kikubaaqudgha.
  2566 | D:2      | Reached *** piety under Trog
  2569 | D:2      | Reached skill level 5 in Armour
  2569 | D:2      | Reached XP level 7. HP: 60/62 MP: 6/6
  3691 | D:4      | Reached skill level 6 in Axes
  4038 | D:4      | Noticed Sigmund
  4045 | D:4      | Killed Sigmund
  4045 | D:4      | Reached skill level 5 in Dodging
  4122 | D:4      | Noticed Ijyb
  4131 | D:4      | Killed Ijyb
  4183 | D:5      | Entered Level 5 of the Dungeon
  4753 | D:5      | Reached skill level 7 in Axes
  4753 | D:5      | Reached XP level 8. HP: 56/71 MP: 7/7
  5349 | D:6      | Reached skill level 8 in Axes
  5354 | D:6      | Reached **** piety under Trog
  5791 | D:6      | Reached skill level 9 in Axes
  5791 | D:6      | Reached XP level 9. HP: 79/79 MP: 8/8
  6269 | D:7      | Noticed Joseph
  6300 | D:7      | Killed Joseph
  6509 | D:7      | Found a staircase to the Ecumenical Temple.
  6520 | D:7      | Reached skill level 10 in Axes
  6965 | D:8      | Reached ***** piety under Trog
  7089 | D:8      | Reached XP level 10. HP: 90/90 MP: 9/9
  7218 | D:8      | Found a staircase to the Lair.
  7285 | D:8      | Reached skill level 11 in Axes
  7287 | D:8      | You fall into a shaft and drop 2 floors!
  7287 | D:10     | Entered Level 10 of the Dungeon
  8339 | Temple   | Entered the Ecumenical Temple
  8638 | D:9      | Found a transporter.
  8651 | D:9      | Found a transporter.
  8700 | D:9      | Found a stormy altar of Qazlal.
  8764 | D:9      | Noticed dricus's ghost (novice OpAs)
  8777 | D:9      | Paralysed by a hornet for 2 turns
  8780 | D:9      | Reached skill level 12 in Axes
  8820 | D:9      | Killed dricus's ghost
  8820 | D:9      | Reached skill level 10 in Fighting
  9407 | D:11     | Reached XP level 11. HP: 99/99 MP: 10/10
  9849 | D:11     | Noticed a two-headed ogre
  9854 | D:11     | Killed a two-headed ogre
 10326 | D:11     | Noticed a white ugly thing
 10330 | D:11     | Killed a white ugly thing
 10330 | D:11     | Reached skill level 13 in Axes
 10435 | D:12     | Found a staircase to the Orcish Mines.
 10445 | D:12     | Reached skill level 10 in Armour
 10540 | D:12     | Noticed a centaur warrior
 10550 | D:12     | Killed a centaur warrior
 10880 | D:12     | Noticed Kirke
 10893 | D:12     | Killed Kirke
 11059 | D:12     | Noticed a two-headed ogre
 11065 | D:12     | Killed a two-headed ogre
 11065 | D:12     | Reached skill level 14 in Axes
 11065 | D:12     | Reached skill level 10 in Dodging
 11147 | D:12     | Noticed a deep elf mage
 11169 | D:12     | Killed a deep elf mage
 11169 | D:12     | Reached XP level 12. HP: 110/110 MP: 11/11
 11260 | D:12     | Noticed a two-headed ogre
 11269 | D:12     | Killed a two-headed ogre
 11477 | Lair:1   | Entered Level 1 of the Lair of Beasts
 11574 | Lair:1   | Noticed an eight-headed hydra
 11621 | D:8      | Killed an eight-headed hydra
 12292 | Lair:1   | Received a gift from Trog
 13294 | Lair:2   | Found a runed translucent door.
 13295 | Lair:2   | Noticed a five-headed hydra
 13295 | Lair:2   | Noticed MisterOstroum's ghost (journeyman TrHu)
 13420 | Lair:2   | Reached skill level 15 in Axes
 13625 | Lair:2   | Found a staircase to the Shoals.
 14379 | Lair:3   | Found a frozen archway.
 14398 | IceCv    | Entered an ice cave
 14403 | IceCv    | Received a gift from Trog
 14433 | IceCv    | Reached XP level 13. HP: 92/119 MP: 12/12
 14797 | IceCv    | Reached skill level 16 in Axes
 15253 | IceCv    | Noticed a frost giant
 15268 | IceCv    | Killed a frost giant
 15718 | Lair:3   | Found a hole to the Spider Nest.
 18509 | Lair:5   | Reached skill level 17 in Axes
 18629 | Lair:5   | Received a gift from Trog
 18771 | Lair:5   | Found a viscous altar of Jiyva.
 18772 | Lair:5   | Found a staircase to the Slime Pits.
 19276 | Lair:6   | Entered Level 6 of the Lair of Beasts
 19300 | Lair:6   | Reached XP level 14. HP: 129/129 MP: 13/13
 19418 | Lair:6   | Noticed ssgaztpd's ghost (journeyman TrBe)
 19496 | Lair:6   | Found a runed translucent gate.
 19496 | Lair:6   | Found a runed translucent gate.
 19497 | Lair:6   | Found a runed translucent gate.
 20554 | Lair:6   | Reached skill level 18 in Axes
 21723 | Lair:6   | Killed ssgaztpd's ghost
 22041 | Lair:6   | Got the ring of Costrin {Fire}
 22606 | Orc:1    | Entered Level 1 of the Orcish Mines
 22733 | Orc:2    | Entered Level 2 of the Orcish Mines
 23164 | Orc:2    | Found a staircase to the Elven Halls.
 23325 | Orc:2    | Noticed an orc warlord
 23328 | Orc:2    | Found a roughly hewn altar of Beogh.
 23339 | Orc:2    | Killed an orc warlord
 23349 | Orc:2    | Found Fioch's General Store.
 23564 | Orc:2    | Found Raerot's Antique Weapon Shoppe.
 23568 | Orc:2    | Found Analeang's Jewellery Shoppe.
 23670 | Orc:2    | Bought a potion of heal wounds for 55 gold pieces
 23702 | Orc:2    | Upgraded the game from 0.24-a0-355-gbe4061de67 to
                  | 0.24-a0-361-g57161393b2
 23938 | Orc:2    | Found Zuaf Hioruxt's Antique Armour Shoppe.
 24355 | Spider:1 | Entered Level 1 of the Spider Nest
 24590 | Orc:2    | Bought a +4 ring of slaying for 1014 gold pieces
 24832 | Spider:1 | Reached XP level 15. HP: 98/139 MP: 14/14
 25032 | Spider:1 | Reached skill level 19 in Axes
 25037 | Spider:1 | HP: 5/139 [tarantella (3)]
 25037 | Spider:1 | Slain by a redback

Levels and vault maps discovered:
D:1:      dpeg_arrival_castle, layout_loops_corners, serial_co_window_serial,
          co_window_paths_a, co_window_corner_a, co_window_paths_a,
          co_window_paths_a, co_window_paths_a, co_window_corner_a,
          co_window_paths_c, co_window_cross_3, co_window_paths_c,
          co_window_4corner_b, co_window_paths_e, glass_columns_b,
          glass_columns_b, glass_columns_c, glass_columns_b
D:2:      layout_basic, kennysheep_vampire_church, minmay_statues_item,
          chequers_jeans
D:3:      layout_rooms, uniq_terence
D:4:      layout_loops_cross, nicolae_ossuary_entry_false_entrances,
          first_ration, chequers_serial_rivers_room_b, uniq_ijyb, uniq_sigmund
D:5:      layout_loops_corners, minmay_misc_feat_nine_boxes
D:6:      layout_basic
D:7:      layout_rooms, minmay_temple_entry_grid, item_on_display_b, uniq_joseph
D:8:      layout_loops_cross, lair_entry_dummy, hangedman_abyss_or_decor_stabs
D:9:      layout_rooms, kennysheep_little_box, gammafunk_ghost_hive
D:10:     layout_rooms
D:11:     layout_long_grid
D:12:     kennysheep_ambush_hall, layout_loops_cross, david_orc_3, uniq_kirke
Temple:   regret_index_temple_chain_breaker
Lair:1:   wad_woods_04, layout_gridlike, chequers_serial_rivers_micro_b,
          serial_bayou_pond_b, st_stairs_3
Lair:2:   layout_regular_city, shoals_dummy_entry, ebering_ghost_inner_flame,
          beast_lair_carwin_1, serial_bayou_shore_b, serial_bayou_shore_a
Lair:3:   layout_regular_city, spider_nest_entry_web_field,
          portal_ice_cave_entry_ice_beasts, serial_bayou_shore_b
Lair:4:   layout_cave_pods, minmay_lair_oklob_chamber
Lair:5:   layout_regular_city, slime_altar_1, infiniplex_staircase_pool
Lair:6:   gammafunk_lair_ancient_temple, layout_gridlike, gammafunk_ghost_icy,
          minmay_lair_oklob_bushes
Spider:1: layout_spider_delve
Orc:1:    layout_caves, serial_shops, shop, shop, shop, uniq_urug
Orc:2:    grunt_orc_cross, layout_diamond_mine

Skill      XL: |  1  2  3  4  5  6  7  8  9 10 11 12 13 14 15 |
---------------+----------------------------------------------+-----
Fighting       | 4 5 6 7 8 10 11 12 13 14 | 14.5
Axes           | 4 5 7 9 10 12 14 15 17 18 19 | 19.0
Armour         | 3 4 5 6 8 9 10 12 13 14 | 14.3
Dodging        | 3 4 5 6 7 8 10 11 12 13 | 13.3

Action                   |  1- 3 |  4- 6 |  7- 9 | 10-12 | 13-15 || total
-------------------------+-------+-------+-------+-------+-------++-------
Melee: Hand axe          |    42 |    88 |    36 |       |       ||   166
       Headbutt          |     9 |    14 |    70 |   130 |   168 ||   391
       War axe           |       |       |   248 |   515 |   105 ||   868
       Battleaxe         |       |       |       |       |   510 ||   510
       Lajatang          |       |       |       |       |     7 ||     7
       Morningstar       |       |       |       |       |     5 ||     5
 Fire: Hunting sling     |       |       |    30 |   208 |   282 ||   520
Throw: Stone             |    15 |    52 |    28 |       |       ||    95
       Boomerang         |       |       |    49 |    22 |    25 ||    96
Invok: Berserk           |     3 |     2 |     7 |     6 |    12 ||    30
       Trog's Hand       |       |       |     6 |    13 |    14 ||    33
       Brothers in Arms  |       |       |       |       |     4 ||     4
Evoke: Wand              |       |       |       |     2 |       ||     2
  Use: Scroll            |       |       |    18 |    10 |     8 ||    36
       Potion            |       |       |       |       |     5 ||     5
  Eat: Ration            |     1 |       |     1 |     2 |       ||     4
       Chunk             |       |     6 |    19 |    46 |    50 ||   121
Armor: Animal skin       |     2 |       |       |       |       ||     2
       Ring mail         |    11 |       |       |       |       ||    11
       Chain mail        |       |    40 |    23 |       |       ||    63
       Plate armour      |       |       |   102 |   307 |   411 ||   820
Dodge: Dodged            |    28 |    59 |   132 |   346 |   492 ||  1057

Table legend:
 A = Non-vault XP
 B = Vault XP
 C = Vault XP percentage of total XP
 D = Non-vault monster count
 E = Vault monster count
 F = Vault count percentage of total count
                 A         B        C        D         E       F
            +---------+---------+-------+---------+---------+-------
      Total |   65801 |   40038 |  37.8 |     475 |     167 |  26.0
            +---------+---------+-------+---------+---------+-------
        D:1 |      23 |       0 |   0.0 |      14 |       0 |   0.0
        D:2 |     117 |     122 |  51.0 |      16 |       7 |  30.4
        D:3 |     174 |      36 |  17.1 |      24 |       1 |   4.0
        D:4 |     442 |     262 |  37.2 |      13 |       2 |  13.3
        D:5 |     812 |       0 |   0.0 |      25 |       0 |   0.0
        D:6 |    1004 |       0 |   0.0 |      35 |       0 |   0.0
        D:7 |    1033 |     407 |  28.3 |      16 |       1 |   5.9
        D:8 |    2985 |       0 |   0.0 |      47 |       0 |   0.0
        D:9 |    1421 |    2003 |  58.5 |      16 |       9 |  36.0
       D:10 |     782 |       0 |   0.0 |      23 |       0 |   0.0
       D:11 |    3079 |       0 |   0.0 |      15 |       0 |   0.0
       D:12 |    5280 |    4322 |  45.0 |      26 |      19 |  42.2
     Lair:1 |    2594 |     663 |  20.4 |      13 |       3 |  18.8
     Lair:2 |    4298 |     744 |  14.8 |      20 |       7 |  25.9
     Lair:3 |    3898 |    1042 |  21.1 |      21 |       8 |  27.6
     Lair:4 |    3607 |    1499 |  29.4 |      15 |       4 |  21.1
     Lair:5 |   11344 |       0 |   0.0 |      34 |       0 |   0.0
     Lair:6 |   11179 |   11582 |  50.9 |      40 |      36 |  47.4
   Spider:1 |    5303 |       0 |   0.0 |      18 |       0 |   0.0
      Orc:1 |     307 |       0 |   0.0 |       1 |       0 |   0.0
      Orc:2 |    6119 |    8161 |  57.1 |      43 |      34 |  44.2
      IceCv |       0 |    9195 | 100.0 |       0 |      36 | 100.0
            +---------+---------+-------+---------+---------+-------
